 Dungeon Crawl Stone Soup version 0.18-a0-1639-g7533f42 (webtiles) character file.

189 Oddball22 the Insei (level 5, -3/42 HPs)
             Began as a Demonspawn Monk on Mar 27, 2016.
             Slain by Robin
             ... wielding a +2 trident of freezing
              (7 damage)
             ... on level 4 of the Dungeon.
             The game lasted 00:09:18 (5436 turns).

Oddball22 the Insei (Demonspawn Monk)               Turns: 5436, Time: 00:09:19

Health: -3/42      AC:  3    Str: 17    XL:     5   Next: 40%
Magic:  5/5        EV: 14    Int: 11    God:
Gold:   69         SH:  0    Dex: 20    Spells: 0 memorised, 4 levels left

rFire  . . .     SeeInvis .     f - +0 hand axe
rCold  + . .     Gourm    .     a - +0 robe
rNeg   + . .     Faith    .     (no shield)
rPois  .         Spirit   .     (no helmet)
rElec  .         Dismiss  .     t - +0 cloak
rCorr  .         Reflect  .     (no gloves)
SustAt .         Harm     .     (no boots)
MR     .....                    (no amulet)
Stlth  ++........               q - +4 ring of dexterity
                                x - ring of positive energy

@: mighty, flying, not resistant to hostile enchantments, unstealthy
A: cold resistance 1, freezing cloud immunity
a: no special abilities


You were on level 4 of the Dungeon.
You were not hungry.

You visited 1 branch of the dungeon, and saw 4 of its levels.

You collected 69 gold pieces.

Inventory:

Hand Weapons
 f - a +0 hand axe (weapon)
 m - a +0 dagger of pain
Missiles
 p - 29 bolts
Armour
 a - a +0 robe (worn)
 t - a +0 cloak (worn)
Jewellery
 i - an uncursed ring of protection from fire
 q - a +4 ring of dexterity (right hand)
 x - a ring of positive energy (left hand)
Scrolls
 c - 4 scrolls of identify
 h - a scroll of immolation {unknown}
 j - a scroll of fear {unknown}
 k - a scroll of random uselessness {unknown}
 n - a scroll of magic mapping {unknown}
 s - a scroll of amnesia {unknown}
 w - a scroll of remove curse {unknown}
Potions
 l - a potion of heal wounds {unknown}
 o - a potion of degeneration {unknown}
 u - a potion of lignification {unknown}
Comestibles
 b - 2 bread rations
 g - a royal jelly
 r - a meat ration
 v - 2 chunks of flesh
 z - a beef jerky


   Skills:
 + Level 4.2 Fighting
 + Level 3.6 Dodging
 - Level 1.7 Stealth
 * Level 4.8 Unarmed Combat


You had 4 spell levels left.
You didn't know any spells.

Dungeon Overview and Level Annotations

Branches:
Dungeon (4/15)
 Temple: D:4-7

Altars:
Dithmenos
Elyvilon
Fedhas
Gozag
Nemelex Xobeh
Yredelemnul

Annotations:
D:4 Menkaure, Robin


Innate Abilities, Weirdness & Mutations

Your flesh is cold resistant.
You are immune to freezing clouds.


Message History

Robin misses you.
You hit Robin but do no damage.
Robin is moderately wounded.
Robin barely misses you.
Robin hits you with a trident of freezing.
* * * LOW HITPOINT WARNING * * *
Drink which item? (? for menu, Esc to quit)
It was a potion of flight.
You feel very buoyant.
You fly up into the air.
Drink which item? (? for menu, Esc to quit)
It was a potion of might.
You feel very mighty all of a sudden. Robin closely misses you.
You slash Robin!
Robin is severely wounded.
Robin hits you with a trident of freezing.
* * * LOW HITPOINT WARNING * * *
Robin hits you with a trident of freezing!
You die...

+..g...# #......# ##......#
........# ....g...#
##########. ........#
#.......M..
........####+###..........
.............)............
...#####...g@<............
#....)))...........
#........#########.
#........+
#####........#.......#
###..#######'###.......#
#.....#.......+........+
#.....#.......##.......#
.....#.....'.......##.......#


You could see Robin.

Vanquished Creatures
  8 adders
  2 oozes
  A worm (D:2)
  3 dart slugs
  4 giant geckos
  5 orcs (D:3)
  5 bats
  3 giant cockroaches
  15 goblins
  10 hobgoblins
  10 jackals
  2 quokkas (D:3)
  A ball python (D:1)
  A giant gecko skeleton (D:4)
  6 giant newts
  2 kobolds
  9 rats
87 creatures vanquished.

Notes
Turn   | Place    | Note
--------------------------------------------------------------
     0 | D:1      | Oddball22 the Demonspawn Monk began the quest for the Orb.
     0 | D:1      | Reached XP level 1. HP: 18/18 MP: 1/1
   177 | D:1      | Gained mutation: Your flesh is cold resistant. [demonic ancestry]
   177 | D:1      | Reached XP level 2. HP: 20/24 MP: 2/2
   458 | D:1      | HP: 1/24 [goblin/dagger (3)]
  1113 | D:1      | Reached XP level 3. HP: 29/29 MP: 3/3
  2163 | D:2      | Gained mutation: You are immune to freezing clouds. [demonic ancestry]
  2163 | D:2      | Reached XP level 4. HP: 32/36 MP: 4/4
  2187 | D:2      | Found a sparkling altar of Nemelex Xobeh.
  2188 | D:2      | Found an opulent altar of Gozag.
  3810 | D:3      | Found a white marble altar of Elyvilon.
  3813 | D:3      | Found a blossoming altar of Fedhas.
  3827 | D:3      | Found a shadowy altar of Dithmenos.
  3830 | D:3      | Found a basalt altar of Yredelemnul.
  4152 | D:3      | Reached XP level 5. HP: 22/42 MP: 5/5
  5120 | D:4      | Noticed Menkaure
  5141 | D:4      | Noticed Robin
  5436 | D:4      | Slain by Robin

Vault maps used:
D:1:      dpeg_arrival_three_bigger_balls
D:2:      grunt_temple_overflow_opulence, grunt_decor_mini_mirrors
D:3:      grunt_temple_overflow_cloverleaf, first_bread
D:4:      minmay_misc_feat_columns, uniq_natasha, uniq_robin, uniq_menkaure

Skill      XL: |  1  2  3  4 |
---------------+-------------+-----
Unarmed Combat | 4 |  4.8
Dodging        | 3 |  3.6
Fighting       | 4 |  4.2
Stealth        | |  1.7

Action                   |  1- 3 |  4- 6 || total
-------------------------+-------+-------++-------
Melee: Unarmed           |   136 |       ||   136
       Dagger            |    29 |   129 ||   158
       Hand axe          |       |   101 ||   101
  Use: Scroll            |     1 |       ||     1
       Potion            |       |     3 ||     3
 Stab: Sleeping          |     8 |     5 ||    13
  Eat: Chunk             |     4 |    11 ||    15
